 Dungeon Crawl Stone Soup version 0.20-a0-1039-gf554463 (console) character file.

44 r4s the Scratcher (level 3, 0/17 HPs)
             Began as a Felid Chaos Knight on Apr 22, 2017.
             Succumbed to an adder's poison
             ... on level 1 of the Dungeon.
             The game lasted 00:08:48 (1554 turns).

r4s the Scratcher (Felid Chaos Knight)              Turns: 1554, Time: 00:08:49

Health: 0/17       AC:  1    Str:  8    XL:     3   Next: 39%
Magic:  4/4        EV: 19    Int: 13    God:    Xom [*.....]
Gold:   61         SH:  0    Dex: 16    Spells: 2/2 levels left
                                        Lives:  0   Deaths: 0

rFire    . . .     SeeInvis +     - Unarmed
rCold    . . .     Gourm    .   (shield unavailable)
rNeg     . . .     Faith    .   (armour unavailable)
rPois    .         Spirit   .   (helmet unavailable)
rElec    .         Reflect  .   (cloak unavailable)
rCorr    .         Harm     .   (gloves unavailable)
MR       +....                  (boots unavailable)
Stlth    +++.......             (no amulet)
Regen    0.1/turn               g - ring of protection from magic
MPRegen  0.1/turn               (no ring)

@: lethally poisoned (0 -> -4), quick
A: no armour, no weapons or thrown items, stealth, claws 1, fangs 3, see
invisible, carnivore 3, speed 1, shaggy fur 1, slow metabolism 1, sharp paws
a: Renounce Religion


You were on level 1 of the Dungeon.
You worshipped Xom.
You were a special plaything of Xom.
You were completely stuffed.

You visited 1 branch of the dungeon, and saw 3 of its levels.

You collected 61 gold pieces.

Inventory:

Jewellery
 g - a ring of protection from magic (left paw)
 h - an uncursed ring of fire
Scrolls
 b - a scroll of teleportation
Comestibles
 a - a meat ration
 d - a chunk of flesh
 f - 4 royal jellies


   Skills:
 * Level 3.2 Fighting
 * Level 3.5 Dodging
 * Level 2.3 Stealth
 + Level 3.6 Unarmed Combat


You had 2 spell levels left.
You didn't know any spells.

Dungeon Overview and Level Annotations

Branches:
Dungeon (3/15)

Altars:
Xom


Innate Abilities, Weirdness & Mutations

You cannot wear armour.
You are incapable of wielding weapons or throwing items.
Your paws allow you to move quietly. (Stealth)
You have sharp claws.
You have razor-sharp teeth.
You have supernaturally acute eyesight. (SInv)
You are carnivorous and can eat meat at any time.
You cover ground quickly.
You are covered in fur. (AC +1)
You have a slow metabolism.
Your sharp claws are effective at attacking unaware monsters.


Message History

* * * LOW HITPOINT WARNING * * *
You feel sick. The adder barely misses you.
You miss the adder. Your bite misses the adder. The adder barely misses you.
You scratch the adder but do no damage. You bite the adder, but do no damage.
* * * LOW HITPOINT WARNING * * *
You feel sick. The adder completely misses you.
You closely miss the adder. The adder misses you.
The adder bites you but does no damage.
You scratch the adder. Your bite misses the adder.
The adder is heavily wounded.
Your surroundings suddenly seem different.
As you read the scroll labeled ZEPNEY POTI, it crumbles to dust.
It is a scroll of amnesia.
You feel forgetful for a moment.
* * * LOW HITPOINT WARNING * * *
You feel sick.
As you read the scroll labeled AMETUK MENYT, it crumbles to dust.
You feel blessed for a moment.
It was a scroll of remove curse.
You die...
Xom laughs nastily!

#.......####.#..........######..##
#######.........######.........#>##
# #.####.#########..#########.# #
#.# #............# ##. #
#.##############..# #.
#######...(.............# #.
##.........######.##.##.# #.
##.###..##.######.##.##.# #.
.................@...##.# #.
######)#############.##.# #.
.....#.#...........#.##.# #.
####.#.#.####.####.#....# #.
#....#.#....#.#....#.#### #.
#.####.####.#.#.####.# #.
#...........#.#......# ##### #.
#############.######.####...######.
...................)...............


There were no monsters in sight!

Vanquished Creatures
  A gnoll (D:1)
  A leopard gecko (D:1)
  A giant cockroach (D:2)
  7 goblins
  8 hobgoblins
  A quokka (D:2)
  5 bats
  2 kobolds (D:1)
  3 rats
29 creatures vanquished.

Notes
Turn   | Place    | Note
-------+----------+-------------------------------------------
     0 | D:1      | r4s the Felid Chaos Knight began the quest for the Orb.
     0 | D:1      | Reached XP level 1. HP: 10/10 MP: 2/2
   115 | D:1      | Reached skill level 1 in Stealth
   129 | D:1      | Reached XP level 2. HP: 13/14 MP: 3/3
   413 | D:1      | XOM: cloud trail
   505 | D:1      | XOM: divination: magic mapping
   521 | D:1      | XOM: confuse monster(s)
   608 | D:1      | XOM: enchant monster (bad)
   612 | D:1      | XOM: confuse monster(s)
   705 | D:1      | XOM: confusion
   997 | D:1      | Reached XP level 3. HP: 17/17 MP: 4/4
  1288 | D:2      | Found a shimmering altar of Xom.
  1425 | D:2      | XOM is BORED!
  1425 | D:2      | XOM: summons 1 hostile demon
  1554 | D:1      | Succumbed to an adder's poison

Vault maps used:
D:1:      lemuel_arrival_rhombus, hangedman_decor_push, roderic_lattice_a,
          wad_woods_river_04
D:2:      nicolae_overflow_hidden_temple, first_bread, st_stairs_3
D:3:      old_standard_altar, lightli_temple_of_fire

Skill      XL: |  1  2  3 |
---------------+----------+-----
Stealth        | 1 2 |  2.3
Fighting       | |  3.2
Dodging        | |  3.5
Unarmed Combat | |  3.6

Action                   || total
-------------------------++-------
Melee: Unarmed           ||    93
       Bite              ||     9
       Punch             ||     1
  Use: Scroll            ||     6
 Stab: Sleeping          ||     5
       Distracted        ||     1
  Eat: Chunk             ||     8
Armor: Skin              ||     7
Dodge: Dodged            ||    98
